 Dungeon Crawl Stone Soup version 0.13-a0-2202-g857913d (webtiles) character file.

139 Kae the Firebug (level 3, -1/19 HPs)
             Began as a Tengu Fire Elementalist on July 2, 2013.
             Slain by Ijyb
             ... wielding a +0,+0 short sword
              (4 damage)
             ... on Level 1 of the Dungeon.
             The game lasted 00:04:24 (1895 turns).

Kae the Firebug (Tengu Fire Elementalist)           Turns: 1895, Time: 00:04:24

HP  -1/19        AC  2     Str  8      XL: 3   Next: 68%
MP   1/7         EV 12     Int 16      God:
Gold 93          SH  0     Dex 14      Spells:  2 memorised,  2 levels left

Res.Fire  : . . .   See Invis. : .   (no weapon)
Res.Cold  : . . .   Warding    : .   m - +0 robe {Archmagi}
Life Prot.: . . .   Conserve   : .   (no shield)
Res.Poison: .       Res.Corr.  : .   (helmet restricted)
Res.Elec. : .       Clarity    : .   (no cloak)
Sust.Abil.: . .     Spirit.Shd : .   (no gloves)
Res.Mut.  : .       Stasis     : .   (boots unavailable)
Res.Rott. : .       Flight     : .   (no amulet)
Saprovore : . . .                    (no ring)
                                     (no ring)

@: not resistant to hostile enchantments, fairly stealthy
A: beak, talons 3
a: no special abilities


You were on level 1 of the Dungeon.
You were not hungry.

You visited 1 branch of the dungeon, and saw 2 of its levels.

You collected 73 gold pieces.

Inventory:

Armour
 a - a +0 robe
 m - a +0 robe of the Archmagi (worn)
Comestibles
 c - a bread ration
 g - 12 strawberries
 n - 2 chunks of quokka flesh
Scrolls
 d - a scroll of remove curse {unknown}
 f - 2 scrolls of enchant weapon I {unknown}
 h - a scroll of enchant armour {unknown}
 i - a scroll of magic mapping {unknown}
 j - 3 scrolls of identify {unknown}
 k - a scroll of random uselessness {unknown}
 l - a scroll of teleportation {unknown}
Potions
 o - a potion of restore abilities
Books
 b - a book of Flames

   Spells                             Type                      Level
   *Flame Tongue                      Conjuration/Fire             1
   *Throw Flame                       Conjuration/Fire             2
   Conjure Flame                      Conjuration/Fire             3
   Inner Flame                        Hexes/Fire                   3
   Sticky Flame                       Conjuration/Fire             4
   Fireball                           Conjuration/Fire             5


   Skills:
 - Level 2.1 Dodging
 - Level 2.0 Stealth
 + Level 1.5 Spellcasting
 * Level 3.1 Conjurations
 * Level 4.0 Fire Magic


You had 2 spell levels left.
You knew the following spells:

 Your Spells              Type           Power        Failure   Level  Hunger
a - Flame Tongue          Conj/Fire      ###..        8%          1    ##.....
b - Throw Flame           Conj/Fire      ###...       10%         2    ###....


Dungeon Overview and Level Annotations

Branches:
Dungeon (2/27)

Altars:

Annotations
D:1 Ijyb


Innate Abilities, Weirdness & Mutations

You have a beak for a mouth.
You have claws for feet.


Message History

Confirm with . or Enter, or press ? or * to list all spells.
Aiming: Flame Tongue
Press: ? - help, Shift-Dir - straight line, f/p - Ijyb
Aim: Ijyb, wielding a short sword and wearing a shiny orcish ring mail (moderately wounded)
You feel a surge of power!
The flame misses Ijyb.
Ijyb hits you with a short sword.
Casting: Flame Tongue
Confirm with . or Enter, or press ? or * to list all spells.
Aiming: Flame Tongue
Press: ? - help, Shift-Dir - straight line, f/p - Ijyb
Aim: Ijyb, wielding a short sword and wearing a shiny orcish ring mail (moderately wounded)
You feel a surge of power!
The flame misses Ijyb.
Ijyb hits you with a short sword.
* * * LOW HITPOINT WARNING * * *
Ijyb barely misses you.
You climb upwards.
There is a stone staircase leading down here.
Ijyb hits you but does no damage. Ijyb hits you with a short sword.
You die...

#..#.##.....#
#........)..#
##.#.###.####
##.#.# #.#
...#.###.#
##.#.....#
#.####### #.#
######### #^#
#.....@.# #.#
#.#####g#
##.########.....#.#
#...#.........#.#.#
............#.#.#.#
#...#.#####.#.#.#.#
##.##.# ###).....>#
#.##.# #.......###
#.##.# #.###.###


You could see Ijyb.

Vanquished Creatures
  An adder (D:2)
  A worm (D:2)
  A ball python (D:1)
  4 goblins
  4 bats
  4 giant cockroaches
  3 giant newts
  5 kobolds
  2 quokkas (D:2)
  8 rats
33 creatures vanquished.

Vanquished Creatures (others)
  A giant newt (D:1)
  A rat (D:1)
2 creatures vanquished.

Grand Total: 35 creatures vanquished

Notes
Turn   | Place    | Note
--------------------------------------------------------------
     0 | D:1      | Kae, the Tengu Fire Elementalist, began the quest for the Orb.
     0 | D:1      | Reached XP level 1. HP: 10/10 MP: 3/3
   349 | D:1      | Reached XP level 2. HP: 15/15 MP: 1/5
  1001 | D:2      | Noticed Ijyb
  1105 | D:2      | Learned a level 2 spell: Throw Flame
  1405 | D:2      | Reached XP level 3. HP: 3/19 MP: 1/7
  1710 | D:2      | Reached skill level 4 in Fire Magic
  1895 | D:1      | Slain by Ijyb

Action                   || total
-------------------------++-------
Melee: Unarmed           ||    47
 Cast: Flame Tongue      ||    62
  Use: Potion            ||     3
 Stab: Sleeping          ||     1
